 Dungeon Crawl Stone Soup version bcrawl-1.30 (webtiles) character file.

Game seed: 3974867186026925

457207 drd the Devastator (level 14, -7/77 HPs)
             Began as a Fairy Conjurer on Mar 12, 2021.
             Was the Champion of Sif Muna.
             Killed from afar by an ice dragon (44 damage)
             ... with a blast of cold
             ... on level 12 of the Dungeon.
             The game lasted 00:49:07 (19883 turns).

drd the Devastator (Fairy Conjurer)                Turns: 19883, Time: 00:49:08

Health: -7/77      AC:  8    Str:  6    XL:     14   Next: 82%
Magic:  24/38      EV: 26    Int: 23    God:    Sif Muna [******]
Gold:   1559       SH:  7    Dex: 14    Spells: 29/50 levels left

rFire    . . .     SeeInvis .     - Fists (2.4)
rCold    . . .     Gourm    .   (shield restricted)
rNeg     . . .     Faith    +   (armour unavailable)
rPois    .         Spirit   .   (no helmet)
rElec    .         Reflect  .   (no cloak)
rCorr    .         Harm     .   (no gloves)
MR       +....                  f - +0 pair of boots
Stlth    ++++......             E - amulet of faith
HPRegen  0.22/turn              m - ring of stealth
MPRegen  0.26/turn              w - +3 ring of evasion

@: flying evasively
A: small, magic attunement, unstealthy, unfitting armour, able to fly, AC/SH +7
a: Stop Flying, Divine Energy, Channel Magic, Forget Spell, Renounce Religion


You were on level 12 of the Dungeon.
You worshipped Sif Muna.
Sif Muna was exalted by your worship.
You were not hungry.

You visited 3 branches of the dungeon, and saw 19 of its levels.

You collected 1853 gold pieces.
You spent 294 gold pieces at shops.

Inventory:

Armour
 f - a +0 pair of boots (worn)
 t - a +0 helmet
 y - a +0 hat
 D - the +0 helmet of Qeckumn {rN+++ MP-9}
   (You bought it in a shop on level 8 of the Dungeon)

   It renders you almost immune to negative energy.
   It affects your magic capacity (-9).
 N - a cursed +0 helmet
Magical Staves
 C - an uncursed staff of air
Jewellery
 m - a ring of stealth (left hand)
 r - an uncursed ring of protection from fire
 u - a -2 ring of strength
 w - a +3 ring of evasion (right hand)
 E - an amulet of faith (around neck)
 K - an uncursed ring of insulation
Wands
 c - a wand of disintegration (11)
 x - a wand of paralysis (14)
 A - a wand of iceblast (10)
 G - a wand of enslavement (6)
 H - a wand of flame (12)
 J - a wand of polymorph (14)
 L - a wand of acid (9)
Scrolls
 d - 4 scrolls of fog
 h - 2 scrolls of noise
 i - a scroll of identify
 j - 3 scrolls of teleportation
 k - 6 scrolls of magic mapping
 n - 3 scrolls of enchant weapon
 q - 10 scrolls of remove curse
 B - a scroll of torment
 F - a scroll of amnesia
 I - 2 scrolls of fear
Potions
 a - 4 potions of lignification
 b - 4 potions of magic
 g - a potion of brilliance
 l - 6 potions of mutation
 o - 8 potions of berserk rage
 p - 3 potions of might
 s - a potion of curing
 v - 2 potions of resistance
 z - 2 potions of ambrosia
Comestibles
 e - 29 rations {!d}
 M - 11 chunks of flesh


   Skills:
 + Level 0.5 Fighting
 + Level 9.8 Dodging
 + Level 4.3 Stealth
 + Level 18.7 Spellcasting
 + Level 19.0 Conjurations
 + Level 1.4 Hexes
 + Level 2.7 Charms
 + Level 1.2 Summonings
 + Level 0.3 Fire Magic


You had 29 spell levels left.
You knew the following spells:

 Your Spells              Type           Power        Failure   Level  Hunger
a - Magic Dart            Conj           ####         0%          1    None
b - Iskenderun's Mystic   Conj           #######.     0%          3    None
c - Searing Ray           Conj           #######.     0%          2    None
d - Inner Flame           Hex/Fire       N/A          4%          3    None
e - Iskenderun's Battles  Conj/Chrm      ######..     1%          5    None
f - Spellforged Servitor  Conj/Summ      ######....   30%         7    None

Your spell library contained the following spells:

 Spells                   Type           Power        Failure   Level  Hunger
 Flame Tongue             Conj/Fire      #####        1%          1    None
 Sting                    Conj/Pois      ####         1%          1    None
 Call Imp                 Summ           ####..       1%          2    None
 Flaming Arrows           Chrm/Fire      ####....     1%          2    None
 Shackle                  Hex            ####....     1%          2    None
 Swiftness                Chrm/Air       ####....     1%          2    None
 Throw Frost              Conj/Ice       ######       1%          2    None
 Conjure Flame            Conj/Fire      ######..     1%          3    None
 Dazzling Orbs            Conj/Hex       ######.      1%          3    None
 Mephitic Cloud           Conj/Pois/Air  ######..     1%          3    None
 Stone Arrow              Conj/Erth      ######       1%          3    None
 Fulminant Prism          Conj/Hex       ######....   1%          4    None
 Sticky Flame             Conj/Fire      ######..     1%          4    None
 Throw Icicle             Conj/Ice       ######..     1%          4    None
 Bolt of Draining         Conj/Necr      ######....   1%          5    None
 Fireball                 Conj/Fire      ######....   1%          5    None
 Irradiate                Conj/Tmut      ######....   1%          5    None
 Lightning Bolt           Conj/Air       ######....   1%          5    None
 Venom Bolt               Conj/Pois      ######....   1%          5    None
 Orb of Destruction       Conj           #######...   1%          7    None
 Sandblast                Erth           ###...       2%          1    None
 Blink                    Tloc           N/A          3%          2    None
 Corpse Rot               Necr           N/A          3%          2    None
 Passwall                 Tmut/Erth      ###.....     3%          2    None
 Spectral Weapon          Hex/Chrm       ####....     3%          3    None
 Ozocubu's Armour         Chrm/Ice       ####....     4%          3    None
 Bolt of Fire             Conj/Fire      ######....   6%          6    None
 Spider Form              Tmut/Pois      ###          7%          3    None
 Bolt of Cold             Conj/Ice       ######....   7%          6    None
 Conjure Ball Lightning   Conj/Air       ######....   7%          6    None
 Petrify                  Tmut/Erth      ###.......   22%         4    None
 Mana Rupture             Conj/Hex       ######....   28%         7    None
 Summon Mana Viper        Hex/Summ       ####....     36%         5    None
 Silence                  Hex/Air        ####......   43%         5    None
 Lee's Rapid Deconstruct  Erth           ###.......   54%         5    None
 Darkness                 Hex            ####......   88%         6    None
 Invisibility             Hex            ####....     88%         6    None
 Steam Barrier            Chrm/Fire      ####......   88%         6    None
 Death Channel            Chrm/Necr      ####......   90%         6    None
 Summon Hydra             Summ           ####......   91%         6    None
 Chain Lightning          Conj/Air       ######....   97%         8    None
 Ozocubu's Refrigeration  Ice            ###.......   98%         6    None
 Haunt                    Necr/Summ      ###.......   100%        7    None
 Borgnjor's Revivificati  Necr           ###.......   100%        8    None
 Glaciate                 Conj/Ice/Air   ######....   100%        8    None
 Time Stop                Chrm/Tloc      N/A          100%        8    None
 Fire Storm               Conj/Fire      ######....   100%        9    None
 Shatter                  Erth           ###.......   100%        9    None


Dungeon Overview and Level Annotations

Branches:
Dungeon (12/12)            Temple (1/1) D:4            Lair (6/6) D:7
 Shoals (0/3) Lair:2        Snake (0/3) Lair:3        Slime (0/5) Lair:5
    Orc (0/1) D:11         Depths (0/5) D:12
 Vaults: D:11-12

Altars:
Ashenzari
Cheibriados
Dithmenos
Elyvilon
Fedhas
Gozag
Hepliaklqana
Kikubaaqudgha
Lugonu
Makhleb
Nemelex Xobeh
Okawaru
Qazlal
Ru
Sif Muna
Trog
Uskayaw
Vehumet
Wu Jian
Xom
Yredelemnul
Zin
The Shining One
Jiyva

Shops:
D:5 *   D:8 [   D:11 %

Annotations:
Lair:2 1 runed translucent door, harry2680's ghost, journeyman DsBe
Lair:5 exclusion: 2 oklob plants


Innate Abilities, Weirdness & Mutations

Your spells do not cause hunger and MP costs are reduced by 1.
Your bright wings attract enemies. (Stealth-)
You cannot fit into any form of body armour.
Your shimmering scales are hard and can block incoming attacks. (AC +7, SH +7)
You are small and have problems with some larger weapons.
You can fly continuously.


Message History

You summon a servant imbued with your destructive magic!
You hear a deafening roar!
You swap places.
Your spellforged servitor conjures an orb of pure magic.
The orb of destruction hits the vault guard!!!
The vault guard is blown up!
Sif Muna accepts your kill.
Your spellforged servitor launches a ball of destructive magic.
Your orb of destruction hits a rock wall.
Casting: Spellforged Servitor (safe; 30% risk of failure)
Confirm with . or Enter, or press ? or * to list all spells.
Aiming: Magic Dart (safe; 0% risk of failure)
Press: ? - help, Shift-Dir - straight line, f/p - ice dragon
Aim: an ice dragon (almost dead)
The magic dart hits the ice dragon but does no damage.
The ice dragon is almost dead.
The ice dragon breathes frost at you. The blast of cold hits you!!!
Ouch! That really hurt!
You die...

##...........##
#+#.....#.......#+##
...................#
......#..D.##.....+
..................##
..#..#....##..........
..#........8.....#.....
.....#....##...)..#....
.......@..)............
......................≈
.......#+#'#........#.≈
......##...##........
..#+###.....###+#....
.... . #.....# #.. ....
##(.†## ..#. ##©##
.#.... #####


You could see an ice dragon and a friendly spellforged servitor.

Vanquished Creatures
  A great orb of eyes (D:12)
  3 catoblepae (Lair:6)
  A vault guard (D:12)
  5 hydras
  A two-headed ogre (D:9)
  15 death yaks
  A cyclops (D:10)
  Pikel (D:5)
  3 ugly things
  2 manticores (Lair:6)
  6 black mambas
  9 cane toads
  6 komodo dragons
  An efreet (D:11)
  2 rime drakes
  2 polar bears
  2 trolls
  8 hippogriffs
  A harpy skeleton (D:12)
  10 blink frogs
  2 meliai zombies
  6 dream sheep (Lair:5)
  A vampire (D:11)
  A shadow (D:9)
  A wraith (D:12)
  5 basilisks
  2 wyverns
  44 yaks
  A human (D:8)
  4 hogs (D:8)
  2 hungry ghosts (D:7)
  A steam dragon (Lair:3)
  Grum (D:9)
  A naga (Lair:3)
  A spatial vortex (Lair:6)
  8 crocodiles
  7 water moccasins
  9 porcupines
  A floating eye (D:12)
  An ice beast (D:8)
  A black bear (Lair:1)
  2 hornet zombies
  7 orc warriors
  2 sky beasts (D:9)
  4 slaves (D:5)
  2 phantoms
  20 wolves
  7 ogres
  10 centaurs
  9 bullfrogs
  5 gnoll sergeants
  A wyvern skeleton (D:7)
  3 scorpions
  10 killer bees
  6 wights
  2 howler monkeys
  8 crimson imps
  5 orc priests
  A bullfrog skeleton (D:8)
  2 hounds
  5 centaur skeletons
  13 orc wizards
  3 iguanas
  15 hell rats
  11 worker ants
  A hound skeleton (D:4)
  A worker ant zombie (D:4)
  9 adders
  16 gnolls
  2 river rats (D:7)
  3 shadow imps
  3 oozes
  2 adder skeletons
  2 worms
  2 dart slugs (D:1)
  13 leopard geckos
  49 orcs
  4 giant cockroaches (D:3)
  9 hobgoblins
  6 jackals
  10 quokkas
  3 ball pythons
  4 bats
  2 frilled lizards (D:1)
  3 goblins
  7 kobolds
  A quokka skeleton (D:4)
  6 rats
  A plant (Lair:6)
492 creatures vanquished.

Vanquished Creatures (collateral kills)
  An ettin (D:12)
  Erolcha (D:12)
  2 vault guards (D:12)
  A centaur warrior (D:11)
  A catoblepas (Lair:5)
  A two-headed ogre (D:12)
  A tengu warrior (D:12)
  A cane toad (Lair:3)
  A yaktaur (D:12)
  5 yaks
  A floating eye (D:12)
16 creatures vanquished.

Vanquished Creatures (others)
  A bush (Lair:6)
  16 fungi
  19 plants
36 creatures vanquished.

Grand Total: 544 creatures vanquished

Notes
Turn   | Place    | Note
-------+----------+-------------------------------------------
     0 | D:1      | drd the Fairy Conjurer began the quest for the Orb.
     0 | D:1      | Reached XP level 1. HP: 11/11 MP: 6/6
   131 | D:1      | Reached skill level 5 in Conjurations
   212 | D:1      | Reached XP level 2. HP: 17/17 MP: 7/7
   419 | D:1      | Found a sparkling altar of Nemelex Xobeh.
   652 | D:2      | Reached XP level 3. HP: 15/21 MP: 9/9
   781 | D:2      | Reached skill level 6 in Conjurations
   994 | D:2      | Noticed an ogre
  1009 | D:2      | Learned a level 3 spell: Iskenderun's Mystic Blast
  1055 | D:2      | Found a glowing golden altar of the Shining One.
  1194 | D:2      | Found a bloodstained altar of Trog.
  1336 | D:2      | Killed an ogre
  1337 | D:2      | Reached XP level 4. HP: 27/27 MP: 9/11
  1337 | D:2      | Reached XP level 5. HP: 31/31 MP: 9/12
  1384 | D:2      | Learned a level 2 spell: Searing Ray
  1397 | D:3      | Noticed a centaur
  1400 | D:3      | Killed a centaur
  1401 | D:3      | Reached skill level 7 in Conjurations
  1875 | D:3      | Reached XP level 6. HP: 36/36 MP: 14/14
  1913 | D:3      | Found an ancient bone altar of Kikubaaqudgha.
  1951 | D:3      | Found a shadowy altar of Dithmenos.
  2343 | D:3      | Found a sacrificial altar of Ru.
  2591 | D:4      | Found a basalt altar of Yredelemnul.
  2602 | D:4      | Reached skill level 5 in Spellcasting
  2644 | D:4      | Found a staircase to the Ecumenical Temple.
  2664 | Temple   | Entered the Ecumenical Temple
  2672 | Temple   | Reached skill level 8 in Conjurations
  2672 | Temple   | Reached XP level 7. HP: 32/41 MP: 15/17
  2986 | Temple   | Became a worshipper of Sif Muna the Loreminder
  3425 | D:5      | Entered Level 5 of the Dungeon
  3599 | D:5      | Reached * piety under Sif Muna
  3599 | D:5      | Reached skill level 9 in Conjurations
  3599 | D:5      | Reached XP level 8. HP: 40/46 MP: 5/20
  3847 | D:5      | Noticed Pikel
  3855 | D:5      | Killed Pikel
  3856 | D:5      | Reached ** piety under Sif Muna
  3856 | D:5      | Reached skill level 10 in Conjurations
  4030 | D:5      | Reached XP level 9. HP: 51/51 MP: 10/24
  4162 | D:5      | Reached *** piety under Sif Muna
  4162 | D:5      | Identified Sif Muna's Volume of Beguiling and Shape
                  | Shifting (Sif Muna gifted it to you on level 5 of the
                  | Dungeon)
  4162 | D:5      | Received a gift from Sif Muna
  4169 | D:5      | Learned a level 3 spell: Inner Flame
  4210 | D:5      | Found Hourumeg's Assorted Antiques.
  4657 | D:6      | Found a basalt altar of Yredelemnul.
  4829 | D:6      | Reached skill level 11 in Conjurations
  5315 | D:6      | Reached skill level 10 in Spellcasting
  6044 | D:7      | Identified Sif Muna's Incunabulum of Protection (Sif Muna
                  | gifted it to you on level 7 of the Dungeon)
  6044 | D:7      | Received a gift from Sif Muna
  6053 | D:7      | Learned a level 5 spell: Iskenderun's Battlesphere
  6082 | D:7      | Noticed a death yak
  6087 | D:7      | Noticed a death yak
  6092 | D:7      | Noticed a death yak
  6099 | D:7      | Killed a death yak
  6100 | D:7      | Reached skill level 12 in Conjurations
  6100 | D:7      | Reached XP level 10. HP: 37/56 MP: 5/27
  6100 | D:7      | Killed a death yak
  6107 | D:7      | Killed a death yak
  6216 | D:7      | Found a staircase to the Lair.
  6244 | D:7      | Reached skill level 1 in Hexes
  6596 | D:7      | Reached skill level 13 in Conjurations
  6890 | D:8      | Found Nyneir's Antique Armour Boutique.
  6899 | D:8      | Bought an ichor-stained helmet for 294 gold pieces
  6899 | D:8      | Identified the +0 helmet of Qeckumn {rN+++ MP-9} (You
                  | bought it in a shop on level 8 of the Dungeon)
  6942 | D:8      | Reached **** piety under Sif Muna
  6984 | D:8      | Found a shimmering altar of Xom.
  7048 | D:8      | Found a shimmering altar of Xom.
  7203 | D:8      | Identified Sif Muna's Handbook of Conjuration (Sif Muna
                  | gifted it to you on level 8 of the Dungeon)
  7203 | D:8      | Received a gift from Sif Muna
  7470 | D:8      | Reached XP level 11. HP: 62/62 MP: 22/30
  7731 | D:9      | Noticed Grum
  7738 | D:9      | Reached skill level 5 in Dodging
  7739 | D:9      | Killed Grum
  7740 | D:9      | Reached skill level 14 in Conjurations
  7800 | D:9      | Noticed a two-headed ogre
  7807 | D:9      | Killed a two-headed ogre
  7871 | D:9      | Found a blossoming altar of Fedhas.
  8489 | D:9      | Found a hide-covered altar of Uskayaw.
  8490 | D:9      | Found a shattered altar of Ashenzari.
  8628 | D:10     | Entered Level 10 of the Dungeon
  8663 | D:10     | HP: 3/62 [wight/+0 halberd (4)]
  9031 | D:10     | Noticed a cyclops
  9038 | D:10     | Killed a cyclops
  9309 | D:10     | Noticed a brown ugly thing
  9318 | D:10     | Killed a brown ugly thing
  9319 | D:10     | Identified Totixzo's Tome of Torrid Evil (Sif Muna gifted
                  | it to you on level 10 of the Dungeon)
  9319 | D:10     | Received a gift from Sif Muna
  9896 | D:11     | Noticed a seven-headed hydra
  9968 | Lair:1   | Entered Level 1 of the Lair of Beasts
 10287 | Lair:1   | Reached XP level 12. HP: 67/67 MP: 27/32
 10293 | Lair:1   | Reached skill level 15 in Conjurations
 10629 | Lair:1   | Reached skill level 15 in Spellcasting
 11025 | Lair:2   | Found a staircase to the Shoals.
 11245 | Lair:2   | Noticed a death yak
 11245 | Lair:2   | Noticed a death yak
 11249 | Lair:2   | Noticed a death yak
 11253 | Lair:2   | Killed a death yak
 11256 | Lair:2   | Killed a death yak
 11257 | Lair:2   | Identified Sif Muna's Handbook of Confrontation (Sif Muna
                  | gifted it to you on level 2 of the Lair of Beasts)
 11257 | Lair:2   | Received a gift from Sif Muna
 11257 | Lair:2   | Noticed a death yak
 11258 | Lair:2   | Noticed a death yak
 11263 | Lair:2   | Killed a death yak
 11264 | Lair:2   | Reached skill level 1 in Charms
 11444 | Lair:2   | Killed a death yak
 11451 | Lair:2   | Killed a death yak
 11452 | Lair:2   | Reached skill level 16 in Conjurations
 11551 | Lair:2   | Learned a level 7 spell: Spellforged Servitor
 11590 | Lair:2   | Found a runed translucent door.
 11591 | Lair:2   | Noticed harry2680's ghost (journeyman DsBe)
 11591 | Lair:2   | Identified the +8 spear of Ylue {pierce, rPois}
 11664 | Lair:2   | Found a bloodstained altar of Trog.
 12384 | Lair:3   | Reached ***** piety under Sif Muna
 12568 | Lair:3   | Found a staircase to the Snake Pit.
 12569 | Lair:3   | Noticed a four-headed hydra
 12583 | Lair:3   | Killed a four-headed hydra
 12584 | Lair:3   | Reached XP level 13. HP: 72/72 MP: 16/35
 12726 | Lair:3   | Identified Sif Muna's Collected Works on the Oath and
                  | Confrontation (Sif Muna gifted it to you on level 3 of the
                  | Lair of Beasts)
 12726 | Lair:3   | Received a gift from Sif Muna
 14133 | Lair:4   | HP: 3/72 [disintegration[the player character] (39)]
 14829 | Lair:5   | Found a frozen archway.
 14936 | Lair:5   | Identified Sif Muna's Tome of the Mountains and Battle
                  | Magic (Sif Muna gifted it to you on level 5 of the Lair of
                  | Beasts)
 14936 | Lair:5   | Received a gift from Sif Muna
 14936 | Lair:5   | Reached skill level 17 in Conjurations
 15666 | Lair:5   | Found a viscous altar of Jiyva.
 15666 | Lair:5   | Found a staircase to the Slime Pits.
 15901 | Lair:6   | Entered Level 6 of the Lair of Beasts
 16074 | Lair:6   | Received a gift from Sif Muna
 16078 | Lair:6   | Reached XP level 14. HP: 77/77 MP: 21/37
 16452 | Lair:6   | Reached skill level 18 in Conjurations
 16824 | Lair:6   | Identified Sif Muna's Almanac of Burning Combat Magic (Sif
                  | Muna gifted it to you on level 6 of the Lair of Beasts)
 16824 | Lair:6   | Received a gift from Sif Muna
 16853 | Lair:6   | Reached ****** piety under Sif Muna
 17276 | Lair:6   | Reached skill level 1 in Summonings
 18194 | D:11     | Found Qiustr Qofics's Food Boutique.
 18672 | D:11     | Found a staircase to the Orcish Mines.
 18994 | D:11     | Identified Sif Muna's Further Steps in the Arcane Arts (Sif
                  | Muna gifted it to you on level 11 of the Dungeon)
 18994 | D:11     | Received a gift from Sif Muna
 19146 | D:12     | Entered Level 12 of the Dungeon
 19576 | D:12     | Found a staircase to the Depths.
 19688 | D:12     | Found a transporter.
 19693 | D:12     | Reached skill level 19 in Conjurations
 19790 | D:12     | Found a transporter.
 19823 | D:12     | Noticed Erolcha
 19829 | D:12     | Killed Erolcha
 19859 | D:12     | Found a glowing silver altar of Zin.
 19883 | D:12     | Killed from afar by an ice dragon

Skill      XL: |  1  2  3  4  5  6  7  8  9 10 11 12 13 14 |
---------------+-------------------------------------------+-----
Conjurations   | 5 6 7 8 9 10 12 13 14 16 17 19 | 19.0
Spellcasting   | 3 4 5 6 9 11 13 14 16 17 18 | 18.7
Dodging        | 3 4 6 8 9 |  9.8
Stealth        | 2 3 4 |  4.3
Hexes          | 1 |  1.4
Charms         | 1 2 |  2.7
Summonings     | 1 |  1.2
Fighting       | |  0.5
Fire Magic     | |  0.3

Action                   |  1- 3 |  4- 6 |  7- 9 | 10-12 | 13-15 || total
-------------------------+-------+-------+-------+-------+-------++-------
 Cast: Magic Dart        |    77 |    77 |   175 |   301 |   160 ||   790
       Iskenderun's Myst |       |    16 |    91 |   226 |   298 ||   631
       Iskenderun's Batt |       |       |     1 |    18 |    34 ||    53
       Inner Flame       |       |       |     1 |       |       ||     1
       Searing Ray       |       |       |     1 |       |       ||     1
       Spellforged Servi |       |       |       |     2 |    14 ||    16
  Use: Scroll            |     1 |       |    11 |     5 |    11 ||    28
       Potion            |       |       |     3 |     8 |     1 ||    12
  Eat: Chunk             |     1 |     3 |     6 |     9 |    11 ||    30
       Ration            |       |     1 |     1 |     4 |     5 ||    11
Armor: Skin              |     1 |     8 |     4 |    25 |    11 ||    49
Dodge: Dodged            |     7 |    26 |    50 |   174 |   127 ||   384
Block: Other             |       |     6 |    18 |    77 |    60 ||   161
